TOP OF THE 1ST |
Connecticut Tigers batting - Pitching for Mahoning Valley Scrappers : RHP Steven Costanza
|
Pitching: RHP Steven Costanza
|
|
Batting: RHB Janne Vihko
|
0-0: Called Strike 0-1: Ball 1-1: Ball 2-1: Ball 3-1: Ground out 5-3 (Groundball, 56S, EV 89.4 MPH)
|
Batting: RHB Khalil Coleman
|
0-0: Ball 1-0: Called Strike 1-1: Called Strike 1-2: Strikes out swinging
|
Batting: RHB Jaden Warrior
|
0-0: SINGLE (Flyball, 4D, EV 90.6 MPH)
|
Batting: LHB Afanasy Zasekin
|
0-0: Ball 1-0: Swinging Strike 1-1: Swinging Strike 1-2: Strikes out swinging
|
Top of the 1st over - 0 runs, 1 hit, 0 errors, 1 left on base; Connecticut 0 - Mahoning Valley 0 |
BOTTOM OF THE 1ST |
Mahoning Valley Scrappers batting - Pitching for Connecticut Tigers : LHP Pete Zamarron
|
Pitching: LHP Pete Zamarron
|
|
Batting: RHB Ricky Cordova
|
0-0: Called Strike 0-1: Called Strike 0-2: Ball 1-2: Foul Ball, location: 2F 1-2: Foul Ball, location: 2F 1-2: Ground out 6-3 (Groundball, 6, EV 100.0 MPH)
|
Batting: RHB Leo Candelas
|
0-0: Fly out, F3 (Popup, 3SF, EV 75.6 MPH)
|
Batting: RHB John Shaffer
|
0-0: Ball 1-0: Swinging Strike 1-1: Called Strike 1-2: Ball 2-2: Ball 3-2: Strikes out looking
|
Bottom of the 1st over - 0 runs, 0 hits, 0 errors, 0 left on base; Connecticut 0 - Mahoning Valley 0 |
TOP OF THE 2ND |
Connecticut Tigers batting - Pitching for Mahoning Valley Scrappers : RHP Steven Costanza
|
Batting: LHB Antonio Luis
|
0-0: Ball 1-0: Ground out U3 (Groundball, 34S, EV 86.2 MPH)
|
Batting: RHB Juan Acero
|
0-0: Called Strike 0-1: Called Strike 0-2: Strikes out swinging
|
Batting: RHB Zack DiCicco
|
0-0: Called Strike 0-1: Ball 1-1: Ball 2-1: Swinging Strike 2-2: Strikes out looking
|
Top of the 2nd over - 0 runs, 0 hits, 0 errors, 0 left on base; Connecticut 0 - Mahoning Valley 0 |
BOTTOM OF THE 2ND |
Mahoning Valley Scrappers batting - Pitching for Connecticut Tigers : LHP Pete Zamarron
|
Batting: RHB Juan Ordonez
|
0-0: Ball 1-0: Ball 2-0: Ball 3-0: Base on Balls
|
Batting: RHB Nick Gossman
|
0-0: Called Strike Pickoff Play to 1st, Runner tries for 2nd, OUT after rundown. 0-1: Called Strike 0-2: Ball 1-2: Strikes out swinging
|
Batting: RHB Jonathan Livingston
|
0-0: Called Strike 0-1: Ball 1-1: Ball 2-1: Fly out, F8 (Line Drive, 8LM, EV 92.5 MPH)
|
Bottom of the 2nd over - 0 runs, 0 hits, 0 errors, 0 left on base; Connecticut 0 - Mahoning Valley 0 |
TOP OF THE 3RD |
Connecticut Tigers batting - Pitching for Mahoning Valley Scrappers : RHP Steven Costanza
|
Batting: RHB Yankel Pensak
|
0-0: Called Strike 0-1: Called Strike 0-2: Ball 1-2: Strikes out looking
|
Batting: LHB Zach Rose
|
0-0: Foul Ball, location: 2F 0-1: Foul Ball, location: 2F 0-2: Ball 1-2: Foul Ball, location: 2F 1-2: Fly out, F8 (Flyball, 8LD, EV 101.2 MPH)
|
Batting: RHB Janne Vihko
|
0-0: Fly out, F7 (Line Drive, 7, EV 105.0 MPH)
|
Top of the 3rd over - 0 runs, 0 hits, 0 errors, 0 left on base; Connecticut 0 - Mahoning Valley 0 |
BOTTOM OF THE 3RD |
Mahoning Valley Scrappers batting - Pitching for Connecticut Tigers : LHP Pete Zamarron
|
Batting: RHB Justin Young
|
0-0: Fly out, F8 (Flyball, 8RD, EV 88.1 MPH)
|
Batting: RHB Leo Villa
|
0-0: Fly out, F4 (Line Drive, 4, EV 68.1 MPH)
|
Batting: RHB Jaquan Brown
|
0-0: Called Strike 0-1: Called Strike 0-2: Ball 1-2: Ball 2-2: Foul Ball, location: 2F 2-2: DOUBLE (Flyball, 89XD, EV 108.8 MPH)
|
Batting: RHB Ricky Cordova
|
0-0: Ball 1-0: Swinging Strike 1-1: Ground out 4-3 (Groundball, 6MD, EV 94.4 MPH)
|
Bottom of the 3rd over - 0 runs, 1 hit, 0 errors, 1 left on base; Connecticut 0 - Mahoning Valley 0 |
TOP OF THE 4TH |
Connecticut Tigers batting - Pitching for Mahoning Valley Scrappers : RHP Steven Costanza
|
Batting: RHB Khalil Coleman
|
0-0: Foul Ball, location: 2F 0-1: Ball 1-1: Ground out 6-3 (Groundball, 6, EV 88.8 MPH)
|
Batting: RHB Jaden Warrior
|
0-0: Ball 1-0: Ground out 3-1 (Groundball, 34S, EV 88.8 MPH)
|
Batting: LHB Afanasy Zasekin
|
0-0: Foul Ball, location: 2F 0-1: Ball 1-1: Ball 2-1: SINGLE (Groundball, P, EV 94.4 MPH) (infield hit)
|
Batting: LHB Antonio Luis
|
0-0: Ball 1-0: Swinging Strike 1-1: Called Strike 1-2: Strikes out swinging
|
Top of the 4th over - 0 runs, 1 hit, 0 errors, 1 left on base; Connecticut 0 - Mahoning Valley 0 |
BOTTOM OF THE 4TH |
Mahoning Valley Scrappers batting - Pitching for Connecticut Tigers : LHP Pete Zamarron
|
Batting: RHB Leo Candelas
|
0-0: Ball 1-0: Foul Ball, location: 2F 1-1: Ball 2-1: Ball 3-1: Base on Balls
|
Batting: RHB John Shaffer
|
0-0: Called Strike 0-1: Foul Ball, location: 2F 0-2: Foul Ball, location: 2F 0-2: Strikes out looking
|
Batting: RHB Juan Ordonez
|
0-0: Called Strike 0-1: Ball Leo Candelas steals 2nd base (no throw) 1-1: Ball 2-1: Foul Ball, location: 2F 2-2: Strikes out swinging
|
Batting: RHB Nick Gossman
|
0-0: Ball 1-0: Called Strike 1-1: Foul Ball, location: 2F 1-2: Ball 2-2: Ball 3-2: Ground out 4-3 (Groundball, 4, EV 103.1 MPH)
|
Bottom of the 4th over - 0 runs, 0 hits, 0 errors, 1 left on base; Connecticut 0 - Mahoning Valley 0 |
TOP OF THE 5TH |
Connecticut Tigers batting - Pitching for Mahoning Valley Scrappers : RHP Steven Costanza
|
Batting: RHB Juan Acero
|
0-0: Called Strike 0-1: Foul Ball, location: 2F 0-2: Foul Ball, location: 2F 0-2: Foul Ball, location: 2F 0-2: Foul Ball, location: 2F 0-2: Ball 1-2: Foul Ball, location: 2F 1-2: Fly out, F7 (Flyball, 78M, EV 91.2 MPH)
|
Batting: RHB Zack DiCicco
|
0-0: Ball 1-0: Ball 2-0: Ball 3-0: Called Strike 3-1: Ground out U3 (Groundball, 34S, EV 78.1 MPH)
|
Batting: RHB Yankel Pensak
|
0-0: Ball 1-0: SINGLE (Line Drive, 89S, EV 110.0 MPH)
|
Batting: LHB Zach Rose
|
0-0: Ball 1-0: Ball 2-0: Ground out 4-3 (Groundball, 4, EV 101.2 MPH)
|
Top of the 5th over - 0 runs, 1 hit, 0 errors, 1 left on base; Connecticut 0 - Mahoning Valley 0 |
BOTTOM OF THE 5TH |
Mahoning Valley Scrappers batting - Pitching for Connecticut Tigers : LHP Pete Zamarron
|
Batting: RHB Jonathan Livingston
|
0-0: Ball 1-0: Ball 2-0: Ball 3-0: Called Strike 3-1: Base on Balls
|
Batting: RHB Justin Young
|
0-0: Ball 1-0: Foul Ball, location: 2F 1-1: Ball 2-1: Fly out, F4 (Line Drive, 4M, EV 63.1 MPH)
|
Batting: RHB Leo Villa
|
0-0: Called Strike 0-1: Ground out 4-3 (Groundball, 34, EV 98.1 MPH) Jonathan Livingston to second
|
Batting: RHB Jaquan Brown
|
0-0: SINGLE (Groundball, 56D, EV 100.0 MPH) Jonathan Livingston to third Runner from 3rd tries for Home, SAFE, throw by LF to home
|
Batting: RHB Ricky Cordova
|
0-0: Called Strike 0-1: Swinging Strike 0-2: Ball 1-2: DOUBLE (Flyball, 78XD, EV 107.5 MPH) Jaquan Brown to third Runner from 3rd tries for Home, SAFE, throw by CF to trailing runner, SAFE at third!
|
Batting: RHB Leo Candelas
|
0-0: Ball 1-0: Ball 2-0: Swinging Strike 2-1: Ball 3-1: Base on Balls
|
Batting: RHB John Shaffer
|
0-0: Ball 1-0: Swinging Strike 1-1: Swinging Strike 1-2: Ball 2-2: Strikes out swinging
|
Bottom of the 5th over - 2 runs, 2 hits, 0 errors, 2 left on base; Connecticut 0 - Mahoning Valley 2 |
TOP OF THE 6TH |
Connecticut Tigers batting - Pitching for Mahoning Valley Scrappers : RHP Steven Costanza
|
Batting: RHB Janne Vihko
|
0-0: Ball 1-0: Swinging Strike 1-1: Ball 2-1: TRIPLE (Line Drive, 5D, EV 108.8 MPH)
|
Batting: RHB Khalil Coleman
|
0-0: Foul Ball, location: 2F 0-1: Ball 1-1: SINGLE (Groundball, 6D, EV 95.6 MPH) Janne Vihko scores
|
Batting: RHB Jaden Warrior
|
0-0: Ball 1-0: SINGLE (Groundball, 4D, EV 108.8 MPH) Khalil Coleman to second Runner from 2nd tries for 3rd, SAFE, throw by RF made to third
|
Batting: LHB Afanasy Zasekin
|
0-0: DOUBLE (Line Drive, 9LM, EV 95.0 MPH) Khalil Coleman scores Jaden Warrior to third
|
Batting: LHB Antonio Luis
|
0-0: Called Strike 0-1: Foul Ball, location: 2F 0-2: Foul Ball, location: 2F 0-2: SINGLE (Line Drive, 8LS, EV 101.2 MPH) Jaden Warrior scores Afanasy Zasekin to third
|
Batting: RHB Juan Acero
|
Balk! Afanasy Zasekin scores Antonio Luis to second 0-0: Called Strike 0-1: Fly out, F7 (Flyball, 78M, EV 89.4 MPH)
|
Batting: RHB Zack DiCicco
|
0-0: Ball 1-0: Swinging Strike 1-1: Ball 2-1: Fly out, F4 (Line Drive, 34D, EV 74.4 MPH)
|
Batting: RHB Yankel Pensak
|
0-0: Called Strike 0-1: Called Strike 0-2: Ball Passed Ball! Antonio Luis to third 1-2: Strikes out swinging, 2-3 out at first.
|
Top of the 6th over - 4 runs, 5 hits, 0 errors, 1 left on base; Connecticut 4 - Mahoning Valley 2 |
BOTTOM OF THE 6TH |
Mahoning Valley Scrappers batting - Pitching for Connecticut Tigers : LHP Pete Zamarron
|
Batting: RHB Juan Ordonez
|
0-0: Foul Ball, location: 2F 0-1: Called Strike 0-2: Ball 1-2: Strikes out swinging
|
Batting: RHB Nick Gossman
|
0-0: Ball 1-0: Called Strike 1-1: Ground out 3-1 (Groundball, 34, EV 81.2 MPH)
|
Batting: RHB Jonathan Livingston
|
0-0: Ground out 5-3 (Groundball, 56, EV 106.2 MPH)
|
Bottom of the 6th over - 0 runs, 0 hits, 0 errors, 0 left on base; Connecticut 4 - Mahoning Valley 2 |
TOP OF THE 7TH |
Connecticut Tigers batting - Pitching for Mahoning Valley Scrappers : RHP Steven Costanza
|
Batting: LHB Zach Rose
|
0-0: Ground out 4-3 (Groundball, 4M, EV 81.2 MPH)
|
Batting: RHB Janne Vihko
|
0-0: Called Strike 0-1: Ball 1-1: Fly out, F6 (Popup, 4MS, EV 73.8 MPH)
|
Batting: RHB Khalil Coleman
|
0-0: Foul Ball, location: 2F 0-1: Ball 1-1: SINGLE (Groundball, 34D, EV 100.6 MPH)
|
Batting: RHB Jaden Warrior
|
0-0: Fly out, F7 (Flyball, 7D, EV 90.0 MPH)
|
Top of the 7th over - 0 runs, 1 hit, 0 errors, 1 left on base; Connecticut 4 - Mahoning Valley 2 |
BOTTOM OF THE 7TH |
Mahoning Valley Scrappers batting - Pitching for Connecticut Tigers : LHP Pete Zamarron
|
Now at 1B: Tony Nunez
|
|
Batting: RHB Justin Young
|
0-0: Ball 1-0: Foul Ball, location: 2F 1-1: Swinging Strike 1-2: SINGLE (Groundball, 4MD, EV 103.8 MPH)
|
Batting: RHB Leo Villa
|
0-0: Called Strike 0-1: Swinging Strike 0-2: DOUBLE (Line Drive, 3D, EV 104.4 MPH) Justin Young to third
|
Batting: RHB Jaquan Brown
|
0-0: Ball 1-0: Foul Ball, location: 2F 1-1: Foul Ball, location: 2F 1-2: Foul Ball, location: 2F 1-2: Strikes out swinging
|
Pitching: LHP Victor Villarreal
|
|
Batting: RHB Ricky Cordova
|
0-0: Called Strike 0-1: Called Strike 0-2: Strikes out swinging
|
Batting: RHB Leo Candelas
|
0-0: Called Strike 0-1: DOUBLE (Line Drive, 78D, EV 112.5 MPH) Justin Young scores Leo Villa scores
|
Batting: RHB John Shaffer
|
0-0: Intentional Walk
|
Batting: RHB Juan Ordonez
|
0-0: Ball 1-0: Ground out 5-3 (Groundball, 56S, EV 71.9 MPH)
|
Bottom of the 7th over - 2 runs, 3 hits, 0 errors, 2 left on base; Connecticut 4 - Mahoning Valley 4 |
TOP OF THE 8TH |
Connecticut Tigers batting - Pitching for Mahoning Valley Scrappers : RHP Steven Costanza
|
Batting: LHB Afanasy Zasekin
|
0-0: Ball 1-0: Ball 2-0: Called Strike 2-1: Foul Ball, location: 2F 2-2: Ball 3-2: Foul Ball, location: 2F 3-2: Strikes out swinging
|
Batting: LHB Antonio Luis
|
0-0: Ball 1-0: Ball 2-0: Ball 3-0: Fly out, F4 (Popup, 13, EV 80.6 MPH)
|
Batting: RHB Juan Acero
|
0-0: Ball 1-0: Called Strike 1-1: Called Strike 1-2: Ball 2-2: Ground out 5-3 (Groundball, 5, EV 88.8 MPH)
|
Top of the 8th over - 0 runs, 0 hits, 0 errors, 0 left on base; Connecticut 4 - Mahoning Valley 4 |
BOTTOM OF THE 8TH |
Mahoning Valley Scrappers batting - Pitching for Connecticut Tigers : LHP Victor Villarreal
|
Batting: RHB Nick Gossman
|
0-0: Ball 1-0: Called Strike 1-1: Fly out, F4 (Popup, 13S, EV 91.9 MPH)
|
Batting: RHB Jonathan Livingston
|
0-0: Called Strike 0-1: Foul Ball, location: 2F 0-2: Strikes out swinging
|
Batting: RHB Justin Young
|
0-0: Ground out 6-3 (Groundball, 6, EV 81.2 MPH)
|
Bottom of the 8th over - 0 runs, 0 hits, 0 errors, 0 left on base; Connecticut 4 - Mahoning Valley 4 |
TOP OF THE 9TH |
Connecticut Tigers batting - Pitching for Mahoning Valley Scrappers : RHP Steven Costanza
|
Pitching: RHP Danny Roe
|
|
Batting: RHB Zack DiCicco
|
0-0: Ball 1-0: Foul Ball, location: 2F 1-1: Ball 2-1: Foul Ball, location: 2F 2-2: Ground out 4-3 (Groundball, 4, EV 82.5 MPH)
|
Batting: RHB Yankel Pensak
|
0-0: Ball 1-0: Swinging Strike 1-1: Called Strike 1-2: Ball 2-2: Foul Ball, location: 2F 2-2: DOUBLE (Line Drive, 78M, EV 91.2 MPH)
|
Batting: LHB Zach Rose
|
0-0: Ball 1-0: Called Strike 1-1: Foul Ball, location: 2F 1-2: Ball 2-2: Ball 3-2: Base on Balls
|
Pitching: RHP Oscar Alvarado
|
|
Batting: RHB Janne Vihko
|
0-0: Ball 1-0: SINGLE (Groundball, 6MS, EV 68.8 MPH) (infield hit) Yankel Pensak to third Zach Rose to second
|
Batting: RHB Khalil Coleman
|
0-0: Ball 1-0: Grounds into fielders choice 4-2 (Groundball, 4, EV 108.8 MPH) Zach Rose to third Janne Vihko to second
|
Batting: RHB Tony Nunez
|
0-0: Ball 1-0: Ball 2-0: Ball 3-0: Base on Balls Zach Rose scores Janne Vihko to third Khalil Coleman to second
|
Batting: LHB Afanasy Zasekin
|
0-0: Ball 1-0: Swinging Strike 1-1: Called Strike 1-2: Strikes out swinging
|
Top of the 9th over - 1 run, 2 hits, 0 errors, 3 left on base; Connecticut 5 - Mahoning Valley 4 |
BOTTOM OF THE 9TH |
Mahoning Valley Scrappers batting - Pitching for Connecticut Tigers : LHP Victor Villarreal
|
Batting: RHB Leo Villa
|
0-0: Called Strike 0-1: Ball 1-1: Foul Ball, location: 2F 1-2: Strikes out swinging
|
Batting: RHB Jaquan Brown
|
0-0: Ball 1-0: Called Strike 1-1: Foul Ball, location: 2F 1-2: Foul Ball, location: 2F 1-2: DOUBLE (Line Drive, 7D, EV 108.1 MPH)
|
Pitching: RHP Andy Strange
|
|
Pinch Hitting: LHB Matt Steinke
|
0-0: Foul Ball, location: 2F 0-1: Swinging Strike 0-2: Foul Ball, location: 2F 0-2: Foul Ball, location: 2F 0-2: Ball 1-2: Ball 2-2: Foul Ball, location: 2F 2-2: Ball 3-2: Base on Balls
|
Batting: RHB Leo Candelas
|
0-0: Ball 1-0: DOUBLE (Line Drive, 78D, EV 105.0 MPH) Jaquan Brown scores Matt Steinke to third
|
Batting: RHB John Shaffer
|
0-0: Intentional Walk
|
Pinch Hitting: RHB Tacito Carreiro
|
0-0: Ball 1-0: Called Strike 1-1: Grounds into fielders choice 6-2 (Groundball, 6S, EV 67.5 MPH) Leo Candelas to third John Shaffer to second
|
Batting: RHB Nick Gossman
|
0-0: Ball 1-0: Called Strike 1-1: SINGLE (Groundball, 34D, EV 94.4 MPH) Leo Candelas scores
|
Bottom of the 9th over - 2 runs, 3 hits, 0 errors, 2 left on base; Connecticut 5 - Mahoning Valley 6 |
|